3L
GREENVILLE 84S @ NEW ORLEANS VOODOO
07/20/2031
 
TOP OF THE 1ST
Greenville 84s batting - Pitching for New Orleans Voodoo : LHP Fernando Padilla
Pitching: LHP Fernando Padilla
Batting: RHB Reece Cockin 0-0: Ball
1-0: Ball
2-0: Foul Ball, location: 2F
2-1: Ball
3-1: Fly out, F5 (Popup, 5SF)
Batting: SHB Jorge Barrios 0-0: Ball
1-0: Ball
2-0: Called Strike
2-1: Foul Ball, location: 2F
2-2: Fly out, F8 (Flyball, 8RS)
Batting: RHB Thom Beach 0-0: Called Strike
0-1: Called Strike
0-2: Ball
1-2: Ball
2-2: SINGLE (Line Drive, 6)
Batting: LHB Qi-zhen Loong 0-0: Called Strike
0-1: Ball
1-1: Ball
2-1: Swinging Strike
2-2: Foul Ball, location: 2F
2-2: Ball
3-2: Base on Balls
Thom Beach to second
Batting: RHB Rodrigo Lugo 0-0: Swinging Strike
0-1: Swinging Strike
0-2: Ball
1-2: Ground out 5-3 (Groundball, 56)
Top of the 1st over - 0 runs, 1 hit, 0 errors, 2 left on base; Greenville 0 - New Orleans 0
BOTTOM OF THE 1ST
New Orleans Voodoo batting - Pitching for Greenville 84s : RHP Adrián Fierro
Pitching: RHP Adrián Fierro
Batting: LHB Mario Nieves 0-0: Ball
1-0: Called Strike
1-1: DOUBLE (Line Drive, 9LM)
Batting: RHB Orlando Velásquez 0-0: Ball
1-0: Fly out, F3 (Popup, 34)
Batting: LHB William O'Keefe 0-0: Called Strike
0-1: Swinging Strike
0-2: Ball
1-2: Ball
2-2: Foul Ball, location: 2F
2-2: Strikes out swinging
Batting: RHB António Pérez 0-0: Foul Ball, location: 2F
0-1: Ground out 6-3 (Groundball, 6)
Bottom of the 1st over - 0 runs, 1 hit, 0 errors, 1 left on base; Greenville 0 - New Orleans 0
TOP OF THE 2ND
Greenville 84s batting - Pitching for New Orleans Voodoo : LHP Fernando Padilla
Batting: SHB Carlos Rodríguez 0-0: Ball
1-0: Ball
2-0: Ground out 1-3 (Groundball, 15)
Batting: SHB Wilbert Carter 0-0: SINGLE (Line Drive, 56D)
Batting: RHB Pedro Castillo 0-0: 2-RUN HOME RUN (Flyball, 7LD), Distance : 322 ft
Batting: RHB Bobby Christopher 0-0: Ball
1-0: DOUBLE (Line Drive, 78D)
Batting: RHB Reece Cockin 0-0: Ball
1-0: Called Strike
1-1: Swinging Strike
1-2: Fly out, F8 (Flyball, 8RS)
Batting: SHB Jorge Barrios 0-0: Ball
1-0: Called Strike
1-1: Swinging Strike
1-2: Foul Ball, location: 2F
1-2: Ball
2-2: Ball
3-2: Strikes out swinging, 2-3 out at first.
Top of the 2nd over - 2 runs, 3 hits, 0 errors, 1 left on base; Greenville 2 - New Orleans 0
BOTTOM OF THE 2ND
New Orleans Voodoo batting - Pitching for Greenville 84s : RHP Adrián Fierro
Batting: RHB Mario Álvarez 0-0: DOUBLE (Line Drive, 7D)
Batting: LHB José Hernández 0-0: Ball
1-0: Ball
2-0: Ground out 6-3 (Groundball, 6M)
Mario Álvarez to third
Batting: RHB Claudio Tappen 0-0: Ball
1-0: Swinging Strike
1-1: Ball
2-1: Ground out 6-3 (Groundball, 6S)
Mario Álvarez scores
Batting: RHB Arnold Giroux 0-0: Called Strike
0-1: Ball
1-1: Fly out, F5 (Line Drive, 5S)
Bottom of the 2nd over - 1 run, 1 hit, 0 errors, 0 left on base; Greenville 2 - New Orleans 1
TOP OF THE 3RD
Greenville 84s batting - Pitching for New Orleans Voodoo : LHP Fernando Padilla
Batting: RHB Thom Beach 0-0: Called Strike
0-1: Ground out 6-3 (Groundball, 6M)
Batting: LHB Qi-zhen Loong 0-0: Foul Ball, location: 2F
0-1: Ball
1-1: Swinging Strike
1-2: Ball
2-2: Foul Ball, location: 2F
2-2: Foul Ball, location: 2F
2-2: Foul Ball, location: 2F
2-2: Ball
3-2: Foul Ball, location: 2F
3-2: Strikes out looking
Batting: RHB Rodrigo Lugo 0-0: Called Strike
0-1: Ball
1-1: Ball
2-1: SINGLE (Groundball, 6MD)
Batting: SHB Carlos Rodríguez 0-0: Called Strike
0-1: Ball
1-1: Fielders Choice at 2nd, U6 (Groundball, 6M)
Top of the 3rd over - 0 runs, 1 hit, 0 errors, 1 left on base; Greenville 2 - New Orleans 1
BOTTOM OF THE 3RD
New Orleans Voodoo batting - Pitching for Greenville 84s : RHP Adrián Fierro
Batting: RHB Apu Nahasapeemapetilon 0-0: Ball
1-0: Ball
2-0: Foul Ball, location: 2F
2-1: Ball
3-1: Ground out 6-3 (Groundball, 6S)
Batting: LHB Mario Nieves 0-0: Ball
1-0: Ground out 6-3 (Groundball, 6S)
Batting: RHB Orlando Velásquez 0-0: Called Strike
0-1: Ball
1-1: Ball
2-1: Ball
3-1: DOUBLE (Groundball, 3L)
Batting: LHB William O'Keefe 0-0: 2-RUN HOME RUN (Line Drive, 9D), Distance : 345 ft
Batting: RHB António Pérez 0-0: Called Strike
0-1: Swinging Strike
0-2: Ground out 6-3 (Groundball, 56)
Bottom of the 3rd over - 2 runs, 2 hits, 0 errors, 0 left on base; Greenville 2 - New Orleans 3
TOP OF THE 4TH
Greenville 84s batting - Pitching for New Orleans Voodoo : LHP Fernando Padilla
Batting: SHB Wilbert Carter 0-0: SINGLE (Groundball, 56D)
Batting: RHB Pedro Castillo 0-0: Called Strike
0-1: Called Strike
0-2: Ball
1-2: Ball
2-2: Ball
3-2: Strikes out swinging
Batting: RHB Bobby Christopher 0-0: Swinging Strike
0-1: Ball
1-1: Ball
Wilbert Carter is caught stealing 2nd base
2-1: Foul Ball, location: 2F
2-2: Ground out 1-3 (Groundball, P)
Top of the 4th over - 0 runs, 1 hit, 0 errors, 0 left on base; Greenville 2 - New Orleans 3
BOTTOM OF THE 4TH
New Orleans Voodoo batting - Pitching for Greenville 84s : RHP Adrián Fierro
Batting: RHB Mario Álvarez 0-0: Called Strike
0-1: Ground out U3 (Groundball, 34S)
Batting: LHB José Hernández 0-0: Ball
1-0: Swinging Strike
1-1: Ball
2-1: Swinging Strike
2-2: Foul Ball, location: 2F
2-2: Foul Ball, location: 2F
2-2: Ground out 5-3 (Groundball, 56S)
Batting: RHB Claudio Tappen 0-0: SINGLE (Line Drive, 8LS)
Batting: RHB Arnold Giroux 0-0: Ball
1-0: Foul Ball, location: 2F
1-1: Ball
2-1: Foul Ball, location: 2F
2-2: Foul Ball, location: 2F
2-2: Ball
3-2: Foul Ball, location: 2F
3-2: Foul Ball, location: 2F
3-2: Foul Ball, location: 2F
3-2: Fly out, F8 (Flyball, 8RM)
Bottom of the 4th over - 0 runs, 1 hit, 0 errors, 1 left on base; Greenville 2 - New Orleans 3
TOP OF THE 5TH
Greenville 84s batting - Pitching for New Orleans Voodoo : LHP Fernando Padilla
Batting: RHB Reece Cockin 0-0: Called Strike
0-1: SOLO HOME RUN (Flyball, 7LD), Distance : 319 ft
Batting: SHB Jorge Barrios 0-0: Called Strike
0-1: Foul Ball, location: 2F
0-2: Foul Ball, location: 2F
0-2: Ball
1-2: Foul Ball, location: 2F
1-2: Ball
2-2: Ball
3-2: Ground out 6-3 (Groundball, 6S)
Batting: RHB Thom Beach 0-0: Called Strike
0-1: Foul Ball, location: 2F
0-2: Ball
1-2: Ball
2-2: Foul Ball, location: 2F
2-2: Foul Ball, location: 2F
2-2: DOUBLE (Line Drive, 7LM)
Batting: LHB Qi-zhen Loong 0-0: Ball
1-0: Ball
2-0: Foul Ball, location: 2F
2-1: Foul Ball, location: 2F
2-2: Ball
3-2: Base on Balls
Batting: RHB Rodrigo Lugo 0-0: Ball
1-0: Fly out, F5 (Flyball, 5D)
Pitching: RHP Juan Montoya
Batting: SHB Carlos Rodríguez 0-0: SINGLE (Groundball, 4MD)
Thom Beach to third
Qi-zhen Loong to second
Runner from 3rd tries for Home, SAFE, no throw
Batting: SHB Wilbert Carter 0-0: Ball
1-0: Swinging Strike
1-1: Fly out, F8 (Flyball, 8RS)
Top of the 5th over - 2 runs, 3 hits, 0 errors, 2 left on base; Greenville 4 - New Orleans 3
BOTTOM OF THE 5TH
New Orleans Voodoo batting - Pitching for Greenville 84s : RHP Adrián Fierro
Batting: RHB Apu Nahasapeemapetilon 0-0: Ball
1-0: Ball
2-0: Ground out 4-3 (Groundball, 4)
Batting: LHB Mario Nieves 0-0: Foul Ball, location: 2F
0-1: Fly out, F9 (Line Drive, 89M)
Batting: RHB Orlando Velásquez 0-0: Ground out U3 (Groundball, 34)
Bottom of the 5th over - 0 runs, 0 hits, 0 errors, 0 left on base; Greenville 4 - New Orleans 3
TOP OF THE 6TH
Greenville 84s batting - Pitching for New Orleans Voodoo : RHP Juan Montoya
Batting: RHB Pedro Castillo 0-0: Called Strike
0-1: Ball
1-1: Hit by Pitch
Batting: RHB Bobby Christopher 0-0: Ball
1-0: Ball
2-0: Bunted foul
2-1: Bunted foul
2-2: SINGLE (Line Drive, 6MD)
Pedro Castillo to second
Runner from 2nd tries for 3rd, OUT!
Batting: RHB Reece Cockin 0-0: Foul Ball, location: 2F
0-1: Foul Ball, location: 2F
0-2: Ball
1-2: SINGLE (Line Drive, 5)
Bobby Christopher to second
Batting: SHB Jorge Barrios 0-0: Ball
1-0: Swinging Strike
1-1: Foul Ball, location: 2F
1-2: Ball
2-2: Ball
3-2: Fielders Choice at 2nd, 6-4 (Groundball, 6)
Bobby Christopher to third
Batting: RHB Thom Beach 0-0: Fly out, F8 (Flyball, 8LXD)
Top of the 6th over - 0 runs, 2 hits, 0 errors, 2 left on base; Greenville 4 - New Orleans 3
BOTTOM OF THE 6TH
New Orleans Voodoo batting - Pitching for Greenville 84s : RHP Adrián Fierro
Batting: LHB William O'Keefe 0-0: Called Strike
0-1: Ball
1-1: DOUBLE (Line Drive, 9LM)
Batting: RHB António Pérez 0-0: Foul Ball, location: 2F
0-1: Ball
1-1: Called Strike
1-2: Foul Ball, location: 2F
1-2: Ball
2-2: Foul Ball, location: 2F
2-2: Strikes out swinging
Batting: RHB Mario Álvarez 0-0: Called Strike
0-1: Ball
1-1: Ball
2-1: Ball
3-1: Base on Balls
Batting: LHB José Hernández 0-0: DOUBLE (Line Drive, 7LS)
William O'Keefe scores
Mario Álvarez to third
Batting: RHB Claudio Tappen 0-0: Foul Ball, location: 2F
0-1: Ball
1-1: Ball
2-1: Ball
3-1: Foul Ball, location: 2F
3-2: TRIPLE (Flyball, 78XD)
Mario Álvarez scores
José Hernández scores
Batting: RHB Arnold Giroux 0-0: Intentional Walk
Pitching: RHP Katsuyoshi Takuda
Batting: RHB Apu Nahasapeemapetilon 0-0: Ground out U3 (Groundball, 34S)
Arnold Giroux to second
Batting: LHB Mario Nieves 0-0: Ball
1-0: Ball
2-0: SINGLE (Groundball, 56S) (infield hit)
Claudio Tappen scores
Arnold Giroux to third
Batting: RHB Orlando Velásquez 0-0: Ball
1-0: DOUBLE (Flyball, 78XD)
Arnold Giroux scores
Mario Nieves to third
Batting: LHB William O'Keefe 0-0: Fly out, F4 (Line Drive, 4)
Bottom of the 6th over - 5 runs, 5 hits, 0 errors, 2 left on base; Greenville 4 - New Orleans 8
TOP OF THE 7TH
Greenville 84s batting - Pitching for New Orleans Voodoo : RHP Juan Montoya
Batting: LHB Qi-zhen Loong 0-0: Ball
1-0: Called Strike
1-1: Foul Ball, location: 2F
1-2: Strikes out swinging
Batting: RHB Rodrigo Lugo 0-0: Foul Ball, location: 2F
0-1: Ball
1-1: Ground out 4-3 (Groundball, 34)
Batting: SHB Carlos Rodríguez 0-0: Called Strike
0-1: Foul Ball, location: 2F
0-2: Foul Ball, location: 2F
0-2: Ball
1-2: Ground out 6-3 (Groundball, 6M)
Top of the 7th over - 0 runs, 0 hits, 0 errors, 0 left on base; Greenville 4 - New Orleans 8
BOTTOM OF THE 7TH
New Orleans Voodoo batting - Pitching for Greenville 84s : RHP Katsuyoshi Takuda
Batting: RHB António Pérez 0-0: Called Strike
0-1: Ground out 4-3 (Groundball, 4D)
Batting: RHB Mario Álvarez 0-0: Ball
1-0: Ball
2-0: Ground out 4-3 (Groundball, 4)
Batting: LHB José Hernández 0-0: Ball
1-0: Ball
2-0: Fly out, F7 (Flyball, 7S)
Bottom of the 7th over - 0 runs, 0 hits, 0 errors, 0 left on base; Greenville 4 - New Orleans 8
TOP OF THE 8TH
Greenville 84s batting - Pitching for New Orleans Voodoo : RHP Juan Montoya
Batting: SHB Wilbert Carter 0-0: Called Strike
0-1: Ball
1-1: Called Strike
1-2: Strikes out swinging
Batting: RHB Pedro Castillo 0-0: Ball
1-0: Ball
2-0: Ball
3-0: Base on Balls
Batting: RHB Bobby Christopher 0-0: Ball
1-0: Ball
2-0: Foul Ball, location: 2F
2-1: Ball
3-1: Base on Balls
Pedro Castillo to second
Batting: RHB Reece Cockin 0-0: Ball
1-0: Called Strike
1-1: Ball
2-1: Called Strike
2-2: Ball
3-2: Base on Balls
Pedro Castillo to third
Bobby Christopher to second
Batting: SHB Jorge Barrios 0-0: Called Strike
0-1: Ball
1-1: Swinging Strike
1-2: Ball
2-2: Ball
3-2: Strikes out swinging
Batting: RHB Thom Beach 0-0: Called Strike
0-1: SINGLE (Flyball, 89M)
Pedro Castillo scores
Bobby Christopher to third
Reece Cockin to second
Runner from 3rd tries for Home, SAFE, throw made home
Pitching: RHP Bob Roth
Batting: LHB Qi-zhen Loong 0-0: Called Strike
0-1: Ball
1-1: Foul Ball, location: 2F
1-2: Ball
2-2: Strikes out looking
Top of the 8th over - 2 runs, 1 hit, 0 errors, 2 left on base; Greenville 6 - New Orleans 8
BOTTOM OF THE 8TH
New Orleans Voodoo batting - Pitching for Greenville 84s : RHP Katsuyoshi Takuda
Batting: RHB Claudio Tappen 0-0: Fly out, F9 (Flyball, 89S)
Batting: RHB Arnold Giroux 0-0: Called Strike
0-1: Foul Ball, location: 2F
0-2: Fly out, F8 (Flyball, 8LXD)
Batting: RHB Apu Nahasapeemapetilon 0-0: Foul Ball, location: 2F
0-1: Ball
1-1: Ball
2-1: SINGLE (Groundball, 56D)
Batting: LHB Mario Nieves 0-0: Ball
1-0: Swinging Strike
1-1: Called Strike
1-2: Ball
2-2: Ground out 3-1 (Groundball, 34S)
Bottom of the 8th over - 0 runs, 1 hit, 0 errors, 1 left on base; Greenville 6 - New Orleans 8
TOP OF THE 9TH
Greenville 84s batting - Pitching for New Orleans Voodoo : RHP Bob Roth
Batting: RHB Rodrigo Lugo 0-0: Ball
1-0: Ground out 6-3 (Groundball, 6)
Batting: SHB Carlos Rodríguez 0-0: Ground out 5-3 (Groundball, 5)
Batting: SHB Wilbert Carter 0-0: Ground out 1-3 (Groundball, 15S)
Top of the 9th over - 0 runs, 0 hits, 0 errors, 0 left on base; Greenville 6 - New Orleans 8
Tuesday, June 12th, 2018 - OOTP Baseball 18.8 Build 76